 Dungeon Crawl Stone Soup version 0.27-a0-1177-g245c70e1c0 (webtiles) character file.

Game seed: 11142448892443526167

70 EnegeticOcto the Cutter (level 4, -6/27 HPs)
             Began as a Deep Elf Fighter on May 16, 2021.
             Was a Follower of Qazlal.
             Killed by nerve-wracking pain
             ... invoked by an orc priest
              (10 damage)
             ... on level 3 of the Dungeon.
             The game lasted 00:05:28 (3845 turns).

EnegeticOcto the Cutter (Deep Elf Fighter)          Turns: 3845, Time: 00:05:29

Health: -6/27      AC:  7    Str: 13    XL:     4   Next: 3%
Magic:  6/6        EV:  8    Int: 13    God:    Qazlal [*.....]
Gold:   132        SH:  1    Dex: 15    Spells: 3/3 levels left

rFire    . . .     SeeInvis .   a - +0 quarterstaff
rCold    . . .     Faith    .   (shield currently unavailable)
rNeg     . . .     Spirit   .   e - +0 scale mail
rPois    .         Reflect  .   (no helmet)
rElec    .         Harm     .   k - +0 cloak
rCorr    +         Rampage  .   (no gloves)
Will     .....                  (no boots)
Stlth    ..........             (no amulet)
HPRegen  0.09/turn              r - ring of resist corrosion
MPRegen  0.10/turn              (no ring)

@: no status effects
A: no striking features
a: Renounce Religion


You were on level 3 of the Dungeon.
You worshipped Qazlal.
Qazlal was aware of your devotion.
You visited 1 branch of the dungeon, and saw 3 of its levels.

You collected 132 gold pieces.

Inventory:

Hand Weapons
 a - a +0 quarterstaff (weapon)
   (You found it on level 2 of the Dungeon)
 b - a +0 hunting sling
   (You found it on level 1 of the Dungeon)
 i - a +0 dagger of protection
   (You took it off a goblin on level 1 of the Dungeon)
 l - a +0 rapier
Missiles
 f - 93 stones (quivered)
 h - 21 arrows
 j - 13 poisoned darts
Armour
 c - a +0 kite shield
 e - a +0 scale mail (worn)
 k - a +0 cloak (worn)
   (You found it on level 1 of the Dungeon)
Jewellery
 r - a ring of resist corrosion (left hand)
   (You found it on level 3 of the Dungeon)
Scrolls
 m - a scroll of teleportation {unknown}
 n - a scroll of holy word {unknown}
 o - a scroll of acquirement {unknown}
 p - a scroll of enchant armour {unknown}
 q - a scroll of magic mapping {@r5 !r}
Potions
 d - a potion of might {@q3 !q}
 g - 2 potions of cancellation {unknown}


   Skills:
 - Level 2.4 Fighting
 - Level 3.4 Short Blades
 + Level 1.7 Staves
 - Level 1.0 Slings
 - Level 2.4 Armour
 - Level 2.4 Shields


You had 3 spell levels left.
You didn't know any spells.
Your spell library was empty.

Dungeon Overview and Level Annotations

Branches:
Dungeon (3/15)

Altars:
Qazlal

Annotations:
D:3 Jessica


Message History

You shoot a stone. The stone hits the hobgoblin.
The hobgoblin is moderately wounded.
You shoot a stone. The stone hits the hobgoblin!
You kill the hobgoblin!
Qazlal accepts your kill.
You have reached level 4!
You feel clever. What are your orders? t - Shout!
Orders for allies: a - Attack new target. r - Retreat! s - Stop attacking. g - Guard the area. f - Follow me.
Anything else - Cancel.
You shout for attention!
You start waiting.
Done waiting.
Found 6 gold pieces and a cloak.
Found a great sword.
f - 93 stones (gained 1)
You see here a hobgoblin corpse.
f - 94 stones (gained 1)
f - 95 stones (gained 1)
Found a club.
You now have 132 gold pieces (gained 6).
A ball python comes into view.
The ball python hisses angrily.
You see here a +0 great sword.
You shoot a stone.
The stone barely misses the ball python.
You shoot a stone. The stone hits the ball python.
The ball python is moderately wounded.
Jessica the Apprentice Sorceress comes into view.
She is wielding a +0 club.
Okay, then.
a - a +0 quarterstaff (weapon)
The ball python closely misses you. The ball python barely misses you.
You hit the ball python.
You kill the ball python!
Qazlal accepts your kill.
Okay, then.
The orc priest barely misses you.
You closely miss the orc priest.
The orc priest hits you but does no damage.
You closely miss the orc priest.
The orc priest hits you but does no damage.
The orc priest begins to cast a cantrip, but forgets the words!
You hit the orc priest.
The orc priest is moderately wounded.
The orc priest hits you but does no damage.
You hit the orc priest but do no damage.
The orc priest is moderately wounded.
The orc priest hits you but does no damage.
You barely miss the orc priest.
The orc priest is moderately wounded.
The orc priest closely misses you.
You closely miss the orc priest.
The orc priest is moderately wounded.
The orc priest barely misses you.
You hit the orc priest.
The orc priest is moderately wounded.
The orc priest hits you but does no damage.
The orc priest barely misses you.
You closely miss the orc priest.
The orc priest is moderately wounded.
The orc priest hits you with a +0 dagger.
You hit the orc priest.
The orc priest is moderately wounded.
The orc priest hits you with a +0 dagger.
You hit the orc priest.
The orc priest is heavily wounded.
The orc priest completely misses you.
You barely miss the orc priest.
The orc priest is heavily wounded.
The orc priest hits you with a +0 dagger.
The orc priest hits you but does no damage.
You completely miss the orc priest.
The orc priest is heavily wounded.
The orc priest hits you but does no damage.
You hit the orc priest.
The orc priest is almost dead.
The orc priest closely misses you.
You barely miss the orc priest.
The orc priest is almost dead.
The orc priest begins to cast a cantrip, but forgets the words!
You barely miss the orc priest.
The orc priest is almost dead.
The orc priest invokes the aid of Beogh against you.
Pain shoots through your body!
You barely miss the orc priest.
The orc priest is almost dead.
The orc priest mumbles some strange prayers to Beogh against you.
Beogh smites you!
Ouch! That really hurt!
* * * LOW HITPOINT WARNING * * *
The orc priest miscasts a cantrip.
You are too injured to fight recklessly!
You hit the orc priest.
The orc priest is almost dead.
The orc priest invokes the aid of Beogh against you.
Pain shoots through your body!
You die...

*,,,,,**♣.♣*##.......#.#
****#.,,...,,..........#
**#***#.**♣.♣**##.....#...
*,..,*#.* ♣.♣ ##........#.
*,,..##.#*#.###.......###.
*,,.....)##...............
*,,,,##....†#.............
*,,,,#.....#.......†......
**,....#○@##..#.........(.
***,..,,#.o##o............#
*,,,**,,#.....[..?........#
**,****,,#..............(..#
***,,* **,#...#.##..........#
*,,,******..(###.#...........#
*,*,,,,,*....,*#......#......#
*,,,,,,,,...@,,..####.#...***#
*,,,,,,,,@(,,,,..#*##..*#.* ##


You could see an orc priest and Jessica (wandering).

Vanquished Creatures
  A worm (D:2)
  4 dart slugs
  An orc (D:2)
  6 ball pythons
  3 bats
  5 endoplasms
  3 giant cockroaches
  8 goblins
  4 hobgoblins
  3 jackals (D:1)
  2 quokkas (D:1)
  A frilled lizard (D:1)
  5 kobolds
  4 rats
50 creatures vanquished.

Notes
Turn   | Place    | Note
-------+----------+-------------------------------------------
     0 | D:1      | EnegeticOcto the Deep Elf Fighter began the quest for the
                  | Orb.
     0 | D:1      | Reached XP level 1. HP: 13/13 MP: 3/3
   301 | D:1      | Reached XP level 2. HP: 18/18 MP: 4/4
   320 | D:1      | Reached skill level 3 in Short Blades
  1004 | D:1      | Reached XP level 3. HP: 16/22 MP: 5/5
  1694 | D:2      | Reached skill level 1 in Slings
  2307 | D:2      | Reached skill level 1 in Staves
  2993 | D:3      | Found a faded altar of an unknown god.
  3000 | D:3      | Became a worshipper of Qazlal Stormbringer
  3000 | D:3      | Reached * piety under Qazlal
  3701 | D:3      | Reached XP level 4. HP: 27/27 MP: 6/6
  3818 | D:3      | Noticed Jessica
  3845 | D:3      | Killed from afar by an orc priest

Illustrated notes

Levels and vault maps discovered:
D:1:      dpeg_arrival_yet_another_circle, layout_basic, due_unseen_surprise
D:2:      layout_basic
D:3:      layout_rooms, shapermc_ecumenical_altar_totnotflames,
          minmay_tree_intersection, uniq_crazy_yiuf_cottage, uniq_jessica

Skill      XL: |  1  2  3 |
---------------+----------+-----
Short Blades   | 3 |  3.4
Slings         | 1 |  1.0
Staves         | 1 |  1.7
Fighting       | |  2.4
Armour         | |  2.4
Shields        | |  2.4

Action                   |  1- 3 |  4- 6 || total
-------------------------+-------+-------++-------
Melee: Rapier            |    87 |       ||    87
       Quarterstaff      |    34 |    18 ||    52
 Fire: Hunting sling     |    51 |     2 ||    53
  Use: Scroll            |     1 |       ||     1
Armor: Scale mail        |    64 |     7 ||    71
Dodge: Dodged            |    53 |     8 ||    61

Table legend: (Time is in decaauts)
 A = Elapsed time spent in this place.
 B = Non-inter-level travel time spent in this place.
 C = Inter-level travel time spent in this place.
 D = Time resting spent in this place.
 E = Time spent auto-exploring this place.
 F = Levels seen in this place.
 G = Mean time per level.
                   A        B        C        D        E       F      G
               +--------+--------+--------+--------+--------+-----+--------+
         Total |   3865 |   3793 |     72 |   1010 |   1954 |   3 | 1288.3 |
       Dungeon |   3865 |   3793 |     72 |   1010 |   1954 |   3 | 1288.3 |
               +--------+--------+--------+--------+--------+-----+--------+

Top non-repeatable levels by time:
     D:1: 1683 daAuts
     D:2: 1250 daAuts
     D:3: 931 daAuts
